 Dungeon Crawl Stone Soup version 0.17-a0-1411-g06ff558 (webtiles) character file.

10550 bal the Covert (level 11, 0/84 HPs)
             Began as a Vine Stalker Assassin on June 23, 2015.
             Was a High Priest of Qazlal.
             Slain by a sun demon (14 damage)
             ... summoned by an orc high priest
             ... on level 4 of the Orcish Mines.
             The game lasted 01:20:37 (11726 turns).

bal the Covert (Vine Stalker Assassin)             Turns: 11726, Time: 01:20:37

Health: 0/84       AC: 23    Str: 18    XL:     11   Next: 63%
Magic:  0/20       EV: 15    Int: 12    God:    Qazlal [*****.]
Gold:   1447       SH:  7    Dex: 32    Spells: 4 memorised, 10 levels left

rFire  . . .     SeeInvis +     a - +2 dagger (venom)
rCold  . . .     Rnd*Rage +     r - +8 chain mail of Mumblety Peg {Dex+6}
rNeg   + + .     SustAt   .     (no shield)
rPois  .         Gourm    .     u - +0 helmet
rElec  .         Spirit   +     K - +2 cloak of Untold Secrets {rN++ MR- Dex+4}
rCorr  .         Warding  .     t - +2 pair of gloves
rMut   .         Stasis   .     o - +0 pair of boots
MR     .....                    (no amulet)
Stlth  ..........               I - +5 ring of dexterity
                                O - ring of see invisible

@: berserking, protected from physical damage, repel missiles, very quick, not
resistant to hostile enchantments, extremely unstealthy
A: fangs 3, berserk 1, deformed body, regeneration 2, screaming 1, weak 1, magic
shield, antimagic bite, no device heal 3, rot immunity, subdued magic 2
a: Upheaval, Elemental Force, Disaster Area, Renounce Religion


You were on level 4 of the Orcish Mines.
You worshipped Qazlal.
Qazlal was extremely pleased with you.
You were not hungry.

You visited 2 branches of the dungeon, and saw 13 of its levels.
You also visited: Bailey.

You collected 1687 gold pieces.
You spent 240 gold pieces at shops.

Inventory:

Hand weapons
 a - a +2 dagger of venom (weapon)
 b - a +0 blowgun
 d - a +3 hand axe
 k - a +0 hunting sling
 A - a +1 falchion of holy wrath
 B - a +3 dagger of venom
 Q - a +2 war axe of electrocution
Missiles
 e - 8 poisoned needles
 f - 6 curare-tipped needles
 h - 19 sling bullets of frost
 q - 7 arrows of dispersal
 x - 89 arrows
 P - 2 javelins (quivered)
 R - 26 tomahawks of returning
Armour
 o - a +0 pair of boots (worn)
 r - the +8 chain mail of Mumblety Peg (worn) {Dex+6}
   (You took it off a goblin in a bailey)

   It affects your dexterity (+6).
 t - a +2 pair of gloves (worn)
 u - a +0 helmet (worn)
 K - the +2 cloak of Untold Secrets (worn) {rN++ MR- Dex+4}
   (You found it on level 8 of the Dungeon)

   It affects your dexterity (+4).
   It greatly protects you from negative energy.
   It affects your resistance to hostile enchantments.
Jewellery
 E - an uncursed ring of ice
 I - a +5 ring of dexterity (right hand)
 O - a ring of see invisible (left hand)
Magical devices
 n - a wand of cold (0)
 F - a wand of paralysis (7)
 H - a wand of frost (23)
Scrolls
 s - 4 scrolls of remove curse
 G - a scroll of magic mapping
 L - 3 scrolls of immolation
Potions
 m - a potion of curing
 C - 3 potions of brilliance
 D - a potion of haste
Books
 j - a Necronomicon {highlevel, unknown}

   This book is beyond your current level of understanding.

   Spells                             Type                      Level
   a - Haunt                          Necromancy/Summoning         7
   b - Borgnjor's Revivification      Necromancy                   8
   c - Death's Door                   Charms/Necromancy            8
   d - Necromutation                  Transmutation/Necromancy     8
 w - a book of Changes

   Spells                             Type                      Level
   a - Beastly Appendage              Transmutation                1
   b - Sticks to Snakes               Transmutation                2
   c - Spider Form                    Transmutation/Poison         3
   d - Ice Form                       Ice/Transmutation            4
   e - Blade Hands                    Transmutation                5
 z - a book of Geomancy

   Spells                             Type                      Level
   a - Sandblast                      Earth                        1
   b - Stoneskin                      Transmutation/Earth          2
   c - Passwall                       Transmutation/Earth          3
   d - Stone Arrow                    Conjuration/Earth            3
   e - Petrify                        Transmutation/Earth          4
   f - Lee's Rapid Deconstruction     Earth                        5
Miscellaneous
 N - a stone of tremors (inert)
Comestibles
 g - 6 bread rations
 p - a fruit


   Skills:
 + Level 5.5 Fighting
 + Level 5.5 Short Blades
 + Level 6.0 Throwing
 + Level 1.0 Armour
 + Level 9.1 Dodging
 + Level 9.2 Stealth
 + Level 5.6 Spellcasting
 + Level 4.9 Transmutations
 + Level 0.2 Ice Magic
 + Level 0.8 Earth Magic
 + Level 0.6 Invocations
 + Level 1.5 Evocations


You had 10 spell levels left.
You knew the following spells:

 Your Spells              Type           Power        Failure   Level  Hunger
a - Sticks to Snakes      Trmt           #.........   36%         2    ##.....
b - Stoneskin             Trmt/Erth      #.......     85%         2    ##.....
c - Passwall              Trmt/Erth      #.........   99%         3    ###....
d - Ice Form              Ice/Trmt       #.......     100%        4    ####...


Dungeon Overview and Level Annotations

Branches:
Dungeon (9/15)             Temple (0/1) D:5             Orc (4/4) D:9
   Lair: D:8-11         Elf: Orc:3-4

Altars:
Ashenzari
Dithmenos
Fedhas
Gozag
Qazlal
Ru
Trog
Xom
Zin
Beogh

Shops:
D:4 ![[??   D:5 (}   D:9 [   Orc:1 =   Orc:2 *   Orc:3 *


Innate Abilities, Weirdness & Mutations

You have razor-sharp teeth.
You heal very quickly.
When hurt, damage is shared between your health and your magic reserves.
Your bite disrupts and absorbs the magic of your enemies.
Potions and wands cannot restore your health.
You are immune to rotting.
You tend to lose your temper in combat.
Armour fits poorly on your strangely shaped body.
You occasionally shout uncontrollably at your foes.
You are weak. (Str -2)
Your spells are easier to cast, but less powerful.


Message History

You hit the orc warrior but do no damage.
The orc warrior looks even sicker.
Your bite misses the orc warrior.
You hear a shout! x2
You block the sun demon's attack.
You barely miss the orc warrior.
You bite the orc warrior, but do no damage.
The orc warrior is lightly wounded.
You hear a shout!
The red devil hits you from afar with a trident.
You feel more protected from physical attacks.
The orc warrior closely misses you. The sun demon hits you.
You are engulfed in flames!
* * * LOW HITPOINT WARNING * * *
Drink which item? (? for menu, Esc to quit)
A red film seems to cover your vision as you go berserk!
You feel yourself moving faster!
You feel mighty! You block the red devil's attack. The sun demon hits you!
* * * LOW HITPOINT WARNING * * *
You are engulfed in flames!
You die...

#.'
#...)4)§.....
#####E#
#...§<§§.....
#.. ..#
#..§§))....##
#.###o###
##.§)))...##
#)#.....#
#......###
#)))._..#
#....####
#)#..§..#
#.####
#.###.#######.
#...#o43@o.###
###+######.# #


You could see an orc high priest, a sun demon, a red devil and an orc warrior.

Vanquished Creatures
  An orc knight (Bailey)
  An orc sorcerer (Orc:4)
  An elephant (D:9)
  4 trolls
  3 hungry ghosts
  A steam dragon (D:8)
  3 porcupines (D:8)
  3 wargs
  19 orc warriors
  A phantom (D:8)
  2 ice beasts
  A wasp (D:5)
  2 black bears
  7 ogres
  A sky beast (D:8)
  4 necrophages
  A crocodile (D:9)
  7 centaurs
  4 giant frogs
  6 killer bees (D:8)
  2 scorpions
  4 wights (D:6)
  A quasit (D:9)
  4 crimson imps
  A giant frog zombie (D:7)
  A jelly (D:7)
  4 hounds
  16 orc priests
  20 orc wizards
  A centaur skeleton (D:6)
  3 iguanas
  Natasha (twice) (D:4)
  A gnoll shaman (D:5)
  12 worker ants
  2 killer bee zombies (D:7)
  A sheep (D:9)
  A hound skeleton (D:5)
  Robin (D:2)
  2 worker ant zombies
  16 adders
  6 gnolls
  5 shadow imps
  2 oozes
  3 adder zombies
  4 worms
  3 giant geckos
  141 orcs
  3 giant cockroaches
  21 hobgoblins
  5 jackals
  4 quokkas
  3 ball pythons
  A ball python zombie (D:5)
  14 bats
  A giant gecko zombie (D:7)
  3 giant newts
  31 goblins
  A jackal skeleton (D:4)
  24 kobolds
  2 quokka zombies
  16 rats
  A fungus (Orc:2)
  4 plants
465 creatures vanquished.

Vanquished Creatures (collateral kills)
  An adder (D:5)
  3 orcs
  2 goblins (Bailey)
  A hobgoblin (D:6)
  2 kobolds (Bailey)
  A rat (D:4)
  A bush (D:7)
11 creatures vanquished.

Vanquished Creatures (others)
  A hobgoblin (D:5)
  4 plants (D:7)
5 creatures vanquished.

Grand Total: 481 creatures vanquished

Notes
Turn   | Place    | Note
--------------------------------------------------------------
     0 | D:1      | bal the Vine Stalker Assassin began the quest for the Orb.
     0 | D:1      | Reached XP level 1. HP: 11/11 MP: 2/2
   158 | D:1      | Reached skill level 5 in Stealth
   193 | D:1      | Reached XP level 2. HP: 15/15 MP: 3/3
   601 | D:1      | Reached skill level 1 in Dodging
   729 | D:2      | Reached XP level 3. HP: 18/18 MP: 4/4
   784 | D:2      | Found a shimmering altar of Xom.
   877 | D:2      | Found a shadowy altar of Dithmenos.
   899 | D:2      | Reached XP level 4. HP: 16/23 MP: 5/5
   984 | D:2      | Reached skill level 6 in Stealth
  1080 | D:2      | Noticed Robin
  1133 | D:2      | Killed Robin
  1251 | D:2      | Reached XP level 5. HP: 27/27 MP: 6/6
  1998 | D:4      | Learned a level 2 spell: Sticks to Snakes
  2273 | D:4      | Noticed an ogre
  2278 | D:4      | Gained mutation: You heal very quickly. [Vine Stalker growth]
  2278 | D:4      | Reached XP level 6. HP: 29/32 MP: 7/7
  2314 | D:4      | Killed an ogre
  2353 | D:4      | Noticed an ogre
  2369 | D:4      | Killed an ogre
  2483 | D:4      | Found Ynitoiru's Distillery.
  2619 | D:4      | Reached XP level 7. HP: 31/36 MP: 3/8
  2666 | D:4      | Noticed Natasha
  2670 | D:4      | Found Uzuu's Magic Scroll Emporium.
  2675 | D:4      | Killed Natasha
  2711 | D:4      | Found Jereh's Antique Armour Emporium.
  2861 | D:4      | Found Kear's Magic Scroll Emporium.
  2964 | D:4      | Found Sacy's Armour Shoppe.
  2970 | D:4      | Reached skill level 7 in Stealth
  3059 | D:4      | Noticed Natasha
  3063 | D:4      | Killed Natasha
  3186 | D:5      | Entered Level 5 of the Dungeon
  3263 | D:5      | Found a stormy altar of Qazlal.
  3266 | D:5      | Noticed a fire elemental
  3266 | D:5      | Noticed an air elemental
  3267 | D:5      | Noticed a water elemental
  3280 | D:5      | Became a worshipper of Qazlal Stormbringer
  3310 | D:5      | Found a shattered altar of Ashenzari.
  3535 | D:5      | Found Sueruchu's Gadget Shop.
  3577 | D:5      | Found Biafatz's Weapon Shoppe.
  3619 | D:5      | Reached skill level 1 in Spellcasting
  3769 | D:5      | Found a glowing silver altar of Zin.
  3830 | D:5      | Gained mutation: You have razor-sharp teeth. [Vine Stalker growth]
  3830 | D:5      | Reached XP level 8. HP: 31/40 MP: 7/10
  3842 | D:5      | Reached skill level 8 in Stealth
  3924 | D:5      | Found a staircase to the Ecumenical Temple.
  4268 | D:6      | Found a shadowy altar of Dithmenos.
  4445 | D:7      | Found a sacrificial altar of Ru.
  4534 | D:7      | Acquired Qazlal's first power
  4582 | D:7      | Reached skill level 1 in Transmutations
  4666 | D:7      | Found a blossoming altar of Fedhas.
  5320 | D:7      | Found an opulent altar of Gozag.
  5488 | D:7      | Reached skill level 5 in Dodging
  5637 | D:7      | Reached XP level 9. HP: 35/44 MP: 10/14
  5877 | D:7      | Acquired Qazlal's second power
  6051 | D:6      | Found a bloodstained altar of Trog.
  7286 | D:8      | Reached XP level 10. HP: 46/51 MP: 14/16
  7309 | D:8      | Acquired Qazlal's third power
  7519 | D:8      | Reached skill level 9 in Stealth
  7543 | D:8      | Got a heavily runed cloak
  7544 | D:8      | Identified the +2 cloak of Untold Secrets {rN++ MR- Dex+4} (You found it on level 8 of the Dungeon)
  7671 | D:8      | Reached skill level 1 in Evocations
  7714 | D:8      | Learned a level 2 spell: Stoneskin
  8395 | D:9      | Found Wiapuhuc's Antique Armour Shoppe.
  8475 | D:9      | Acquired Qazlal's fourth power
  8648 | D:9      | Reached skill level 5 in Fighting
  8746 | D:9      | Learned a level 3 spell: Passwall
  8960 | D:9      | Noticed an elephant
  8996 | D:9      | Killed an elephant
  9071 | D:9      | Found a staircase to the Orcish Mines.
  9080 | D:9      | Reached skill level 5 in Short Blades
  9091 | D:9      | Reached skill level 5 in Spellcasting
  9097 | D:9      | Reached XP level 11. HP: 55/55 MP: 19/19
  9107 | D:9      | Found a roughly hewn altar of Beogh.
  9151 | Orc:1    | Entered Level 1 of the Orcish Mines
  9262 | Orc:1    | Acquired Qazlal's fifth power
  9356 | Orc:1    | Found Somell's Jewellery Shop.
  9366 | Orc:1    | Bought an uncursed ring of see invisible for 240 gold pieces
  9920 | Orc:1    | Learned a level 4 spell: Ice Form
 10250 | Orc:2    | Found Rotoytsy's General Store.
 10540 | Orc:3    | Reached skill level 5 in Throwing
 10553 | Orc:3    | Found a flagged portal.
 10569 | Bailey   | Entered a bailey
 10654 | Bailey   | Noticed an orc knight
 10663 | Bailey   | Killed an orc knight
 10672 | Bailey   | Got a bloodstained chain mail
 10673 | Bailey   | Identified the +8 chain mail of Mumblety Peg {Dex+6} (You took it off a goblin in a bailey)
 10834 | Bailey   | Gained mutation: Armour fits poorly on your strangely shaped body. [mutagenic glow]
 10887 | Bailey   | Gained mutation: You occasionally shout uncontrollably at your foes. [mutagenic glow]
 10932 | Orc:3    | Gained mutation: You are weak. (Str -2) [mutagenic glow]
 10959 | Orc:3    | Gained mutation: You tend to lose your temper in combat. [mutagenic glow]
 11006 | Orc:3    | Gained mutation: Your spells are a little easier to cast, but a little less powerful. [mutagenic glow]
 11065 | Orc:3    | Found a roughly hewn altar of Beogh.
 11102 | Orc:3    | Gained mutation: Your spells are easier to cast, but less powerful. [mutagenic glow]
 11179 | Orc:3    | Found Naskusuop's Assorted Antiques.
 11591 | Orc:4    | Entered Level 4 of the Orcish Mines
 11662 | Orc:4    | Noticed an orc high priest
 11665 | Orc:4    | Noticed an ice devil
 11677 | Orc:4    | Found a roughly hewn altar of Beogh.
 11684 | Orc:4    | Paralysed by an orc sorcerer for 4 turns
 11712 | Orc:4    | Noticed an orc high priest
 11714 | Orc:4    | Reached skill level 1 in Armour
 11716 | Orc:4    | Noticed a sun demon
 11726 | Orc:4    | Slain by a sun demon

Vault maps used:
D:1:      dpeg_arrival_water_fire, minmay_misc_feat_room,
          minmay_misc_feat_plants, serial_bayou_pond_e
D:2:      lemuel_doored_altar, lemuel_crystal_altar, uniq_robin
D:4:      serial_shops, kennysheep_little_box, shop_coins, nicolae_shop_crystal,
          shop, shop_statue, uniq_natasha
D:5:      zin_scriptorium, nicolae_ashenzari_panopticon,
          nicolae_qazlal_style_of_elements, lemuel_temple_firewalk_marked,
          serial_shops, shop, shop, first_bread
D:6:      trog_ov_bears_minmay, basic_altar
D:7:      old_standard_altar, basic_altar, fedhas_altar_decomposition
D:8:      wad_woods_settlement
D:9:      david_lair_generic, minmay_orc_entry_temple_small, serial_shops, shop
Orc:1:    serial_shops, shop, mines2_lemuel
Orc:2:    serial_shops, nicolae_shop_competitors_out_of_business
Orc:3:    basic_altar, serial_shops, shop, enter_bailey_2,
          nicolae_orc_pool_cavern
Orc:4:    pubby_orc_utopia, uniq_nessos
Bailey:   bailey_axe_1, bailey

Action                   |  1- 3 |  4- 6 |  7- 9 | 10-12 || total
-------------------------+-------+-------+-------+-------++-------
Melee: Dagger            |    83 |   106 |   508 |   559 ||  1256
 Fire: Blowgun           |     2 |    40 |    35 |    78 ||   155
Throw: Tomahawk          |       |       |       |    33 ||    33
       Javelin           |       |       |       |     5 ||     5
 Cast: Sticks to Snakes  |       |     2 |    20 |    32 ||    54
       Stoneskin         |       |       |       |     7 ||     7
       Passwall          |       |       |       |     2 ||     2
Invok: Disaster Area     |       |       |       |     1 ||     1
Evoke: Wand              |       |       |     3 |    13 ||    16
       Stone of tremors  |       |       |       |     1 ||     1
  Use: Potion            |       |     5 |     5 |     6 ||    16
       Scroll            |       |     3 |    12 |     6 ||    21
 Stab: Sleeping          |     6 |     7 |    14 |       ||    27
       Distracted        |       |     1 |     4 |     2 ||     7
       Paralysed         |       |       |     1 |     3 ||     4
  Eat: Meat ration       |       |     1 |     2 |     2 ||     5
       Chunk             |       |     1 |     1 |     1 ||     3
       Beef jerky        |       |       |     3 |       ||     3
       Bread ration      |       |       |     1 |       ||     1
       Pizza             |       |       |     2 |     1 ||     3
       Fruit             |       |       |       |     3 ||     3
       Royal jelly       |       |       |       |     2 ||     2
